 Dungeon Crawl Stone Soup version 0.28.0-47-ge53b351184 (webtiles) character file.

Game seed: 15484954888175161637

7 Gabide the Grave Robber (level 1, 0/14 HPs)
             Began as a Mummy Necromancer on Apr 27, 2022.
             Constricted to death by a ball python (1 damage)
             ... on level 1 of the Dungeon.
             The game lasted 00:00:44 (153 turns).

Gabide the Grave Robber (Mummy Necromancer)          Turns: 153, Time: 00:00:44

Health: 0/14       AC:  2    Str: 11    XL:     1   Next: 91%
Magic:  1/4        EV:  9    Int: 14    God:
Gold:   7          SH:  0    Dex: 12    Spells: 4/5 levels left

rFire   x . .      SeeInvis .   (no weapon)
rCold   + . .      Faith    .   (no shield)
rNeg    + + +      Spirit   .   a - +0 robe
rPois   ∞          Reflect  .   (no helmet)
rElec   .          Harm     .   (no cloak)
rCorr   .          Rampage  .   (no gloves)
Will    .....                   (no boots)
Stlth   ++........              (no amulet)
HPRegen 0.04/turn               (no ring)
MPRegen 0.09/turn               (no ring)

@: constricted
A: cold resistance 1, negative energy resistance 3, torment resistance 2, heat
vulnerability 1, no potions
a: no special abilities


You were on level 1 of the Dungeon.
You visited 1 branch of the dungeon, and saw 1 of its levels.

You collected 7 gold pieces.

Inventory:

Armour
 a - a +0 robe (worn)


   Skills:
 * Level 0.4 Fighting
 * Level 1.7 Dodging
 + Level 1.6 Stealth
 * Level 2.9 Spellcasting
 * Level 4.1 Necromancy


You had 4 spell levels left.
You knew the following spells:

 Your Spells              Type           Power      Damage    Failure   Level
a - Pain                  Necr           52%        1d6       4%          1

Your spell library contained the following spells:

 Spells                   Type           Power      Damage    Failure   Level
 Animate Skeleton         Necr           26%        N/A       4%          1
 Vampiric Draining        Necr           13%        2d6       12%         3
 Animate Dead             Necr           6%         N/A       38%         4
 Agony                    Necr           13%        N/A       75%         5


Dungeon Overview and Level Annotations

Branches:
Dungeon (1/15)

Altars:


Innate Abilities, Weirdness & Mutations

You are immune to poison.
Your flesh is cold resistant. (rC+)
You are immune to negative energy. (rN+++)
You are immune to unholy pain and torment.
You are vulnerable to heat. (rF-)
You do not drink.


Message History

The ball python grabs the plant.
The ball python constricts the plant.
You hit the kobold but do no damage.
The ball python loses its grip on the plant.
The kobold hits you with a +0 dagger.
You closely miss the kobold.
The ball python bites the plant.
The ball python grabs the plant.
The ball python constricts the plant.
The kobold hits you but does no damage.
The ball python bites the plant.
The ball python constricts the plant.
You barely miss the kobold.
The frilled lizard bites the plant.
The kobold hits you with a +0 dagger.
The ball python bites the plant.
The ball python constricts the plant.
You closely miss the kobold.
A nearby plant withers and dies.
The ball python loses its grip on the plant.
The kobold hits you with a +0 dagger.
* * * LOW HITPOINT WARNING * * *
The frilled lizard bites you.
* * * LOW HITPOINT WARNING * * *
Aiming: Pain (safe; 4% risk of failure)
Press: ? - help, Q - select action Shift-Dir - straight line, f - kobold
Aim: a kobold, wielding a +0 dagger and quivering stones (chance to affect: 83%)
The kobold writhes in agony.
You kill the kobold!
The frilled lizard barely misses you.
You don't have enough magic to cast this spell.
Unknown command.
You closely miss the frilled lizard.
The ball python bites you but does no damage.
The ball python misses you. The ball python closely misses you.
The ball python barely misses you.
The frilled lizard bites you but does no damage.
You closely miss the frilled lizard. The ball python barely misses you. x2
The frilled lizard bites you.
* * * LOW HITPOINT WARNING * * *
You closely miss the frilled lizard. The ball python barely misses you.
The ball python grabs you. The ball python constricts you.
The frilled lizard bites you.
* * * LOW HITPOINT WARNING * * *
You closely miss the frilled lizard. The ball python closely misses you.
The ball python constricts you.
You die...

...## #.........# .g...
###.#.......# ...#.
#...........#
...#.###.##l......g.
...#..!Kl##........
...##..####........
.......####...#####
.####.........####
...........#.###@##
.###........g##lSP#
.####.......#8.g#PP..8#
...............##PP.#.#
.............8## ####
.######.....### .#
##....# .# #.#.... .#
#.......


You could see a goblin, a ball python and a frilled lizard.

Vanquished Creatures
  An endoplasm (D:1)
  A giant cockroach (D:1)
  A hobgoblin (D:1)
  2 bats (D:1)
  A frilled lizard (D:1)
  A kobold (D:1)
7 creatures vanquished.

Vanquished Creatures (others)
  A plant (D:1)
1 creature vanquished.

Grand Total: 8 creatures vanquished

Notes
Turn   | Place    | Note
-------+----------+-------------------------------------------
     0 | D:1      | Gabide the Mummy Necromancer began the quest for the Orb.
     0 | D:1      | Reached XP level 1. HP: 13/13 MP: 4/4
   153 | D:1      | Constricted to death by a ball python

Illustrated notes

Levels and vault maps discovered:
D:1:      scummos_arrival_hexagon, layout_rooms,
          shapermc_ecumenical_altar_petra, minmay_three_crescents

Action                   || total
-------------------------++-------
Melee: Unarmed           ||    10
 Cast: Pain              ||    14
Armor: Robe              ||     3
Dodge: Dodged            ||    13
